Map: [ESL] Altitude

Players

GunGFuBanDa

  • Race: Protoss Protoss
  • Spawn Location: 7:00

goblin - Winner!

  • Race: Protoss Protoss
  • Spawn Location: 1:00

Event: ESL SC2 Masters 2023 Summer (Regionals)

VOD

Have the link to the VOD?

Description

Time

  • Played on: May 3, 2023, 12:08 p.m.
  • Length: 7:56

All games in this series

Show
View Real Time Build Order
Export as new Build Order

GunGFuBanDa Protoss 

Build Orders: Oracle Opening 

Get SALT Encoding   

  12  0:00  Probe  
  13  0:12  Probe  
  14  0:17  Pylon  
  14  0:24  Probe (Chrono Boost)  
  15  0:36  Probe (Chrono Boost)  
  15  0:38  Gateway  
  16  0:44  Probe (Chrono Boost)  
  16  0:47  Assimilator  
  17  0:50  Probe  
  18  0:57  Assimilator  
  18  1:03  Probe (Chrono Boost)  
  19  1:13  Probe (Chrono Boost)  
  19  1:14  Gateway  
  19  1:18  Probe (Chrono Boost)  
  21  1:28  Cybernetics Core  
  21  1:33  Probe  
  22  1:41  Pylon  
  22  1:45  Probe  
  23  2:04  Stargate  
  23  2:05  Adept  
  23  2:08  Adept  
  27  2:13  Warp Gate  
  27  2:17  Probe  
  27  2:22  Pylon  
  28  2:39  Stalker  
  28  2:40  Stalker  
  31  2:56  Oracle (Chrono Boost)  
  34  3:08  Probe  
  35  3:21  Nexus  
  35  3:25  Probe  
  36  3:30  Oracle (Chrono Boost)  
  39  4:09  Twilight Council  
  39  4:13  Pylon  
  40  4:33  Probe x2 (Chrono Boost), Stalker, Sentry  
  45  4:43  Probe x2 (Chrono Boost)  
  45  4:45  Blink (Chrono Boost)  
  47  4:48  Probe (Chrono Boost)  
  47  4:49  Probe (Chrono Boost)  
  49  4:57  Probe  
  49  4:59  Probe  
  51  5:07  Forge  
  51  5:09  Probe  
  51  5:11  Probe (Chrono Boost), Gateway  
  50  5:23  Probe (Chrono Boost), Stalker x2  
  50  5:27  Probe (Chrono Boost)  
  56  5:34  Probe (Chrono Boost)  
  58  5:35  Probe (Chrono Boost)  
  58  5:39  Nexus  
  58  5:40  Pylon  
  58  5:42  Protoss Ground Weapons Level 1 (Chrono Boost)  
  58  5:46  Probe  
  58  5:47  Probe  
  60  5:59  Stalker x2  
  60  6:02  Probe, Shield Battery  
  65  6:06  Stalker  
  65  6:07  Probe  
  65  6:10  Assimilator  
  68  6:11  Pylon  
  66  6:26  Stalker x2  
  66  6:29  Probe  
  71  6:33  Probe  
  72  6:41  Probe  
  72  6:47  Stalker  
  74  6:49  Probe (Chrono Boost)  
  74  6:51  Stalker x2  
  80  6:57  Shield Battery  
  80  6:58  Probe (Chrono Boost)  
  80  7:01  Pylon  
  80  7:02  Pylon  
  80  7:03  Pylon  
  80  7:07  Gateway  
  78  7:19  Stalker  
  71  7:24  Stalker x2  
  62  7:46  Zealot  
Show
View Real Time Build Order
Export as new Build Order

goblin Protoss - Winner!

Build Orders: 1 Gate Expand 

Get SALT Encoding   

  12  0:00  Probe  
  13  0:12  Probe  
  14  0:20  Pylon  
  14  0:24  Probe  
  15  0:38  Probe (Chrono Boost), Gateway  
  16  0:47  Probe (Chrono Boost), Assimilator  
  17  0:52  Probe  
  18  1:04  Probe  
  19  1:22  Nexus  
  19  1:24  Probe  
  20  1:36  Cybernetics Core  
  20  1:39  Probe  
  21  1:47  Assimilator  
  21  1:51  Probe  
  22  1:55  Pylon  
  22  2:03  Probe  
  23  2:12  Warp Gate (Chrono Boost), Stalker (Chrono Boost)  
  25  2:16  Probe  
  26  2:28  Probe  
  27  2:33  Stalker  
  27  2:35  Gateway  
  29  2:44  Probe  
  29  2:45  Probe  
  29  2:48  Shield Battery  
  31  2:56  Sentry  
  31  3:01  Probe x2  
  35  3:08  Gateway  
  35  3:14  Probe  
  35  3:15  Probe  
  35  3:19  Shield Battery  
  37  3:20  Sentry  
  37  3:24  Sentry  
  42  3:34  Probe  
  42  3:35  Probe, Twilight Council  
  43  3:42  Pylon  
  43  3:46  Probe  
  44  3:49  Probe  
  42  3:58  Probe (Chrono Boost)  
  42  4:01  Stalker  
  45  4:06  Probe (Chrono Boost)  
  45  4:10  Probe (Chrono Boost)  
  46  4:17  Probe (Chrono Boost)  
  46  4:21  Probe (Chrono Boost)  
  46  4:22  Probe (Chrono Boost)  
  48  4:25  Stalker  
  48  4:28  Blink (Chrono Boost)  
  50  4:32  Probe  
  50  4:33  Probe  
  52  4:41  Assimilator  
  52  4:45  Probe  
  53  4:46  Pylon  
  53  4:47  Probe  
  53  4:59  Probe  
  54  5:04  Pylon x2  
  54  5:05  Stalker x2  
  58  5:12  Stalker  
  58  5:13  Probe x2  
  59  5:25  Probe  
  59  5:27  Gateway  
  60  5:31  Stalker x2  
  60  5:35  Gateway  
  64  5:38  Probe  
  64  5:41  Probe  
  66  5:44  Pylon  
  66  5:49  Stalker  
  68  5:55  Pylon  
  64  6:00  Stalker x2  
  68  6:05  Probe x2  
  70  6:18  Stalker  
  72  6:27  Stalker x3  
  72  6:30  Pylon  
  72  6:31  Stalker  
  80  6:51  Stalker x4  
  88  6:59  Stalker  
  90  7:03  Pylon  
  86  7:20  Stalker x4  
  84  7:43  Stalker  
  84  7:44  Stalker x3  
  88  7:45  Zealot  
Tags
 
Add a new tag
Caveats
  • Supply blocks, unpowered buildings, or Contaminate may cause inaccurate times.
  • Supply counts are checked every 10 seconds.